 Dungeon Crawl Stone Soup version 0.19.0-22-gd96e5fe (webtiles) character file.

42191 Lochraine the Slicer (level 14, -1/126 HPs)
             Began as a Human Ice Elementalist on Nov 17, 2016.
             Was a High Priest of Sif Muna.
             Slain by a black mamba (9 damage)
             ... on level 6 of the Lair of Beasts on Nov 18, 2016.
             The game lasted 01:55:54 (31197 turns).

Lochraine the Slicer (Human Ice Elementalist)      Turns: 31197, Time: 01:55:54

Health: -1/126     AC: 14    Str: 10    XL:     14   Next: 54%
Magic:  16/26      EV: 16    Int: 18    God:    Sif Muna [*****.]
Gold:   411        SH:  0    Dex: 15    Spells: 9 memorised, 1 level left

rFire  . . .     SeeInvis .     (weapon currently unavailable)
rCold  + + .     Gourm    .     (armour currently unavailable)
rNeg   . . .     Faith    .     (shield currently unavailable)
rPois  +         Spirit   .     (helmet currently unavailable)
rElec  .         Reflect  .     (cloak currently unavailable)
rCorr  .         Harm     .     (gloves currently unavailable)
MR     +....                    (boots currently unavailable)
Stlth  ++........               h - amulet of magic regeneration
                                q - ring of fire
                                E - +3 ring of evasion

@: icy armour, ice-form, slow
A: no striking features
a: End Transformation, Divine Energy, Channel Magic, Forget Spell, Renounce
Religion


You were on level 6 of the Lair of Beasts.
You worshipped Sif Muna.
Sif Muna was extremely pleased with you.
You were not hungry.
You were a creature of crystalline ice.
You visited 3 branches of the dungeon, and saw 19 of its levels.
You also visited: Volcano.

You collected 726 gold pieces.
You spent 315 gold pieces at shops.

Inventory:

Hand Weapons
 a - a +2 short sword of electrocution (melded)
 n - a +0 demon blade of flaming
Armour
 t - a +1 scale mail of poison resistance
 w - the +4 ring mail "Jokhlaare" {rElec rF+ rN++ Str-4}
   (You found it on level 6 of the Lair of Beasts)

   It affects your strength (-4).
   It protects you from fire.
   It insulates you from electricity.
   It greatly protects you from negative energy.
 x - a +3 chain mail of fire resistance
 y - a +2 pair of boots (melded)
 B - a +2 hat of see invisible (melded)
 D - a +0 robe
 Q - a +0 buckler (melded)
 W - +0 steam dragon scales (melded)
 Y - a +1 pair of gloves (melded)
Magical Staves
 b - an uncursed staff of wizardry
Rods
 f - a +0 iron rod (11/11)
   (You found it on level 7 of the Dungeon)
Jewellery
 h - an amulet of magic regeneration (around neck)
 j - a +3 amulet of reflection
 q - a ring of fire (right front paw)
 z - a +2 ring of evasion
 E - a +3 ring of evasion (left front paw)
 V - an uncursed amulet of harm {unknown}
Wands
 l - a wand of hasting (4/9)
 m - a wand of enslavement (7/24)
 p - a wand of paralysis (4/24)
 r - a wand of digging (3/24)
 G - a wand of iceblast (11/15)
 H - a wand of teleportation (6/9)
 P - a wand of iceblast (6/15)
 S - a wand of heal wounds (1/9)
 X - a wand of polymorph (18/24)
 Z - a wand of teleportation (3/9)
Scrolls
 g - 8 scrolls of magic mapping
 o - 2 scrolls of teleportation
 u - a scroll of blinking
 M - a scroll of remove curse
Potions
 e - 5 potions of heal wounds
 i - a potion of berserk rage
 k - 3 potions of curing
 s - 3 potions of might
 v - a potion of haste {unknown}
 A - a potion of brilliance
 I - a potion of resistance
 N - 3 potions of lignification
 O - 2 potions of agility
 R - a potion of invisibility {unknown}
Books
 c - Sif Muna's Tome of Calling
   (Sif Muna gifted it to you on level 6 of the Lair of Beasts)

   Spells                             Type                      Level
   a - Summon Small Mammal            Summoning                    1
   b - Aura of Abjuration             Summoning                    5
   c - Dragon's Call                  Summoning                    9
 d - a book of Frost

   Spells                             Type                      Level
   a - Freeze                         Ice                          1
   b - Throw Frost                    Conjuration/Ice              2
   c - Ozocubu's Armour               Charms/Ice                   3
   d - Throw Icicle                   Conjuration/Ice              4
   e - Summon Ice Beast               Ice/Summoning                4
 C - Icoi's Almanac of Transmutation and Beguiling
   (Sif Muna gifted it to you on level 2 of the Lair of Beasts)

   Spells                             Type                      Level
   a - Confusing Touch                Hexes                        1
   b - Corona                         Hexes                        1
   c - Tukima's Dance                 Hexes                        3
   d - Fulminant Prism                Conjuration/Hexes            4
   e - Leda's Liquefaction            Hexes/Earth                  4
   f - Ice Form                       Ice/Transmutation            4
 F - a book of Misfortune

   Spells                             Type                      Level
   a - Confusing Touch                Hexes                        1
   b - Confuse                        Hexes                        3
   c - Gell's Gravitas                Hexes/Translocation          3
   d - Petrify                        Transmutation/Earth          4
   e - Metabolic Englaciation         Hexes/Ice                    5
   f - Yara's Violent Unravelling     Hexes/Transmutation          5
 J - a book of Minor Magic

   Spells                             Type                      Level
   a - Magic Dart                     Conjuration                  1
   b - Blink                          Translocation                2
   c - Call Imp                       Summoning                    2
   d - Repel Missiles                 Charms/Air                   2
   e - Slow                           Hexes                        2
   f - Conjure Flame                  Conjuration/Fire             3
   g - Mephitic Cloud                 Conjuration/Poison/Air       3
Comestibles
 K - 9 meat rations
 L - 30 fruits
 T - 6 chunks of flesh
 U - 4 slices of pizza


   Skills:
 - Level 8.0 Fighting
 - Level 10.7 Short Blades
 + Level 6.4 Dodging
 - Level 2.0 Stealth
 - Level 4.0 Shields
 - Level 0.2 Unarmed Combat
 * Level 8.4 Spellcasting
 - Level 6.6 Conjurations
 + Level 2.4 Hexes
 - Level 3.2 Charms
 - Level 5.0 Summonings
 - Level 3.7 Transmutations
 - Level 9.4 Ice Magic
 - Level 3.2 Air Magic
 - Level 3.0 Poison Magic
 + Level 5.4 Invocations
 - Level 7.4 Evocations


You had one spell level left.
You knew the following spells:

 Your Spells              Type           Power        Failure   Level  Hunger
a - Freeze                Ice            ####         1%          1    None
b - Throw Frost           Conj/Ice       #####.       1%          2    None
c - Ozocubu's Armour      Chrm/Ice       ####....     2%          3    None
d - Throw Icicle          Conj/Ice       #####...     3%          4    ###....
e - Summon Ice Beast      Ice/Summ       ####....     6%          4    ###....
f - Ice Form              Ice/Tmut       ####....     8%          4    ###....
g - Blink                 Tloc           N/A          14%         2    None
h - Mephitic Cloud        Conj/Pois/Air  ###.....     6%          3    None
i - Metabolic Englaciati  Hex/Ice        ####......   24%         5    #####..


Dungeon Overview and Level Annotations

Branches:
Dungeon (12/15)            Temple (1/1) D:6            Lair (6/6) D:10
  Swamp (0/4) Lair:3        Snake (0/4) Lair:4        Slime (0/5) Lair:6
    Orc: D:9-12

Altars:
Ashenzari
Cheibriados
Dithmenos
Elyvilon
Fedhas
Gozag
Hepliaklqana
Kikubaaqudgha
Makhleb
Nemelex Xobeh
Okawaru
Qazlal
Ru
Sif Muna
Trog
Uskayaw
Vehumet
Xom
Yredelemnul
Zin
The Shining One
Jiyva
Lugonu

Shops:
D:10 (   D:11 =:?!*

Annotations:
D:3 exclusions: orc, orc priest, orc wizard and 1 more exclusion
Lair:5 exclusion: ice dragon
Lair:6 2 runed doors


Message History

The black mamba bites you but does no damage.
The black mamba is no longer moving slowly.
The black mamba bites you. The black mamba misses you.
The black mamba bites you!
* * * LOW HITPOINT WARNING * * *
The black mamba bites you.
* * * LOW HITPOINT WARNING * * *
The black mamba barely misses you.
Found a peridot ring and 60 gold pieces.
Unknown command.
Casting: Mephitic Cloud
Confirm with . or Enter, or press ? or * to list all spells.
A chill wind blows around you.
The fire dragon roars deafeningly!
The black mamba bites you!
* * * LOW HITPOINT WARNING * * *
The black mamba bites you!
* * * LOW HITPOINT WARNING * * *
The black mamba bites you!
You die...

............###..######## ##....#
............###..####.#8# ≈######
...........###....#8##.## ≈≈≈###§
...........# #.........8# #≈≈≈≈≈
..........####.........####§§≈#
........#####...........##§§≈#
.......## #§............≈§§≈#
......## ##≈.....Y....#§..≈####
......#§≈ #§≈..SY##..§##≈§§.#..##
......#S≈≈#≈≈..S#≈≈≈§#≈≈≈≈§.....#
.!....# #≈§§....≈≈≈§§§≈≈§≈##.....
......# #≈§≈..§.≈≈######≈≈#......
......# #§§...§§≈##...=##≈≈......
......###§§...≈≈§#... D$#§≈§.....
.......##§.§...§.+.. $#≈§§.....
.......##§≈§.....+. #§§§.....
.......##§§§§§≈≈≈#... #≈§#.....


You could see a fire dragon, 2 black mambas and a friendly ice beast.

Vanquished Creatures
  The ghost of syranez the Severer, a journeyman HOBe of Trog (Lair:2)
  The ghost of zkyp the Carver, a journeyman DgWn (Volcano)
  3 hydras
  An ogre mage (Volcano)
  3 death yaks (Lair:5)
  A hell knight (Volcano)
  2 lindwurms
  A hill giant (D:11)
  An ugly thing (D:11)
  7 elephants (Lair:6)
  11 spiny frogs
  5 black mambas
  2 molten gargoyles (Lair:6)
  10 komodo dragons
  An ice devil (Lair:2)
  A troll (D:10)
  2 two-headed ogres (Volcano)
  Prince Ribbit (D:9)
  2 dream sheep (D:8)
  7 blink frogs
  6 hippogriffs
  Sigmund (D:5)
  A wraith (D:10)
  12 yaks
  6 basilisks
  7 fire bats (Volcano)
  2 wyverns
  A steam dragon (Lair:6)
  The ghost of dscm the Magician, an amateur OpTm (D:4)
  2 hungry ghosts
  A naga (Lair:4)
  3 swamp worms (Lair:3)
  4 hell hounds (Lair:6)
  11 porcupines
  12 water moccasins
  3 orc warriors
  2 sky beasts
  An ice beast (D:8)
  2 phantoms (D:9)
  7 wolves
  2 necrophages
  2 ogres
  2 centaurs
  10 crocodiles
  4 big kobolds (D:8)
  14 bullfrogs
  A wyvern zombie (D:9)
  A wyvern skeleton (D:10)
  8 killer bees (D:10)
  2 scorpions
  2 wights (D:11)
  5 electric eels
  2 howler monkeys
  8 lava snakes
  4 crimson imps
  A quasit (D:10)
  2 centaur zombies
  A bullfrog skeleton (D:6)
  7 hounds
  4 orc priests
  A gnoll shaman (D:4)
  3 jellies
  5 iguanas
  9 orc wizards
  7 hell rats (Lair:2)
  11 worker ants
  Terence (D:2)
  2 hound skeletons (D:8)
  A worker ant zombie (D:6)
  15 river rats (Lair:2)
  13 adders
  10 gnolls
  4 shadow imps
  3 adder skeletons
  7 worms
  A dart slug (D:2)
  5 leopard geckos
  34 orcs
  5 bats
  7 giant cockroaches
  24 goblins
  17 hobgoblins
  18 jackals
  5 quokkas
  A ball python (D:5)
  5 frilled lizards
  A jackal skeleton (D:5)
  21 kobolds
  A leopard gecko skeleton (D:5)
  A leopard gecko zombie (D:7)
  2 quokka skeletons
  24 rats
  3 rat zombies (D:6)
  A spectral orc (D:6)
498 creatures vanquished.

Vanquished Creatures (collateral kills)
  A catoblepas (Lair:6)
  2 death yaks (Lair:5)
  2 spiny frogs
  2 black mambas (Lair:6)
  A molten gargoyle (Lair:6)
  An ice devil (Lair:2)
  2 rime drakes (Lair:6)
  A komodo dragon (Lair:3)
  3 two-headed ogres (Volcano)
  13 blink frogs
  A hippogriff (Lair:6)
  A wyvern (Lair:5)
  A mottled dragon (Lair:6)
  A water moccasin (Lair:6)
  A naga (Lair:4)
  A crocodile (Lair:6)
  2 lava snakes (Lair:6)
  A fungus (Lair:2)
37 creatures vanquished.

Vanquished Creatures (others)
  A black mamba (Lair:6)
  10 fungi
  9 plants
  5 toadstools (D:1)
25 creatures vanquished.

Grand Total: 560 creatures vanquished

Notes
Turn   | Place    | Note
-------+----------+-------------------------------------------
     0 | D:1      | Lochraine the Human Ice Elementalist began the quest for the Orb.
     0 | D:1      | Reached XP level 1. HP: 13/13 MP: 3/3
   257 | D:1      | Reached XP level 2. HP: 9/19 MP: 0/5
   430 | D:1      | Learned a level 2 spell: Throw Frost
  1230 | D:1      | Reached XP level 3. HP: 23/24 MP: 6/6
  1656 | D:1      | Learned a level 3 spell: Ozocubu's Armour
  2540 | D:2      | Reached XP level 4. HP: 28/31 MP: 8/8
  2783 | D:2      | Noticed Terence
  2789 | D:2      | Killed Terence
  3126 | D:2      | Found an iron altar of Okawaru.
  3167 | D:2      | Reached XP level 5. HP: 36/36 MP: 4/9
  5041 | D:4      | Noticed dscm's ghost (amateur OpTm)
  5353 | D:4      | Reached skill level 1 in Charms
  5556 | D:3      | Reached XP level 6. HP: 39/42 MP: 6/10
  5600 | D:3      | Upgraded the game from 0.19.0-20-gbc5f0c6 to 0.19.0-22-gd96e5fe
  5820 | D:4      | Noticed an ogre
  6316 | D:4      | Reached XP level 7. HP: 47/47 MP: 5/12
  6595 | D:4      | Found a shadowy altar of Dithmenos.
  6625 | D:4      | Reached skill level 1 in Fighting
  6727 | D:4      | Killed dscm's ghost
  7445 | D:4      | Reached XP level 8. HP: 33/58 MP: 13/13
  7728 | D:5      | Entered Level 5 of the Dungeon
  7752 | D:5      | Noticed Sigmund
  7844 | D:5      | Reached skill level 1 in Short Blades
  8103 | D:5      | Killed Sigmund
  8103 | D:5      | Reached skill level 2 in Short Blades
  8216 | D:4      | Reached skill level 3 in Short Blades
  8757 | D:6      | Found a staircase to the Ecumenical Temple.
  8766 | Temple   | Entered the Ecumenical Temple
  8805 | Temple   | Became a worshipper of Sif Muna the Loreminder
  8885 | D:6      | Found a burning altar of Makhleb.
  8886 | D:6      | Found a radiant altar of Vehumet.
  8923 | D:6      | Reached skill level 4 in Short Blades
  9521 | D:6      | Reached skill level 5 in Short Blades
  9521 | D:6      | Reached XP level 9. HP: 57/66 MP: 14/14
  9591 | D:6      | Found an ancient bone altar of Kikubaaqudgha.
  9843 | D:6      | Found a basalt altar of Yredelemnul.
  9910 | D:6      | Found a shattered altar of Ashenzari.
  9910 | D:6      | Found a faded altar of an unknown god.
  9915 | D:6      | Found a sparkling altar of Nemelex Xobeh.
  9917 | D:6      | Found a glowing silver altar of Zin.
  9918 | D:6      | Found a blossoming altar of Fedhas.
 10394 | D:7      | Reached skill level 5 in Ice Magic
 10591 | D:7      | Reached skill level 6 in Short Blades
 10591 | D:7      | Reached skill level 1 in Evocations
 10971 | D:7      | Found a glowing golden altar of the Shining One.
 11129 | D:7      | Found a sacrificial altar of Ru.
 11760 | D:8      | Reached * piety under Sif Muna
 11870 | D:8      | Found a stormy altar of Qazlal.
 11958 | D:8      | Noticed a three-headed hydra
 11973 | D:8      | Killed a three-headed hydra
 11973 | D:8      | Reached skill level 7 in Short Blades
 11973 | D:8      | Reached XP level 10. HP: 22/73 MP: 15/15
 12270 | D:8      | Reached skill level 8 in Short Blades
 12416 | D:8      | Reached skill level 1 in Shields
 13563 | D:9      | Noticed Prince Ribbit
 13574 | D:9      | Killed Prince Ribbit
 13574 | D:9      | Reached skill level 9 in Short Blades
 13767 | D:9      | Found a hazy altar of Hepliaklqana.
 13778 | D:9      | Reached skill level 5 in Evocations
 14508 | D:10     | Entered Level 10 of the Dungeon
 14666 | D:10     | Found Qeclox's Antique Weapon Emporium.
 14699 | D:10     | Reached XP level 11. HP: 63/77 MP: 16/16
 15431 | D:10     | Reached skill level 10 in Short Blades
 15572 | D:10     | Reached ** piety under Sif Muna
 15724 | D:11     | Found Baumen's Distillery.
 15724 | D:11     | Found Werhag Rien's General Store.
 15740 | D:11     | Bought a scroll of identify for 20 gold pieces
 15740 | D:11     | Bought a scroll of identify for 20 gold pieces
 15743 | D:11     | Found an iron altar of Okawaru.
 15747 | D:11     | Bought a potion of heal wounds for 55 gold pieces
 15747 | D:11     | Bought a potion of heal wounds for 55 gold pieces
 15747 | D:11     | Bought a potion of curing for 33 gold pieces
 15750 | D:11     | Found Tootasis's Magic Scroll Shop.
 15758 | D:11     | Bought a scroll of identify for 24 gold pieces
 15758 | D:11     | Bought a scroll of identify for 24 gold pieces
 15758 | D:11     | Bought a scroll of identify for 24 gold pieces
 15758 | D:11     | Bought a scroll of identify for 24 gold pieces
 16196 | D:11     | Bought a scroll of remove curse for 36 gold pieces
 16308 | D:11     | Found Yraezowy's Jewellery Boutique.
 16317 | D:11     | Noticed a purple ugly thing
 16362 | D:11     | Killed a purple ugly thing
 16495 | D:11     | Noticed a hill giant
 16500 | D:11     | Killed a hill giant
 16612 | D:11     | Found Humoplor's Book Shoppe.
 16684 | D:11     | Noticed a skeletal warrior
 16699 | D:11     | Noticed a skeletal warrior
 16700 | D:11     | Noticed a skeletal warrior
 16980 | D:11     | Learned a level 4 spell: Throw Icicle
 17458 | D:10     | Found a staircase to the Lair.
 17614 | Lair:1   | Entered Level 1 of the Lair of Beasts
 17875 | Lair:1   | Noticed a six-headed hydra
 18262 | Lair:1   | Reached skill level 5 in Fighting
 18262 | Lair:1   | Reached skill level 5 in Spellcasting
 18278 | Lair:1   | Reached skill level 5 in Conjurations
 18318 | Lair:1   | Noticed an eight-headed hydra
 18337 | Lair:1   | Learned a level 4 spell: Summon Ice Beast
 18363 | Lair:1   | Identified a scroll of acquirement
 18425 | Lair:1   | Reached XP level 12. HP: 81/85 MP: 11/19
 18427 | Lair:1   | Reached skill level 1 in Summonings
 18554 | Lair:1   | Reached *** piety under Sif Muna
 18619 | Lair:1   | Killed an eight-headed hydra
 18939 | Lair:2   | Found a frozen archway.
 18989 | Lair:2   | Noticed a six-headed hydra
 18995 | Lair:2   | Killed a six-headed hydra
 19030 | Lair:2   | Found a dark tunnel.
 19050 | Volcano  | Entered a volcano
 19231 | Volcano  | Noticed zkyp's ghost (journeyman DgWn)
 19266 | Volcano  | Killed zkyp's ghost
 19266 | Volcano  | Reached **** piety under Sif Muna
 19266 | Volcano  | Reached skill level 5 in Summonings
 19462 | Volcano  | Noticed a hell knight
 19470 | Volcano  | Killed a hell knight
 19483 | Volcano  | Noticed an ogre mage
 19505 | Volcano  | Killed an ogre mage
 19702 | Volcano  | Found a burning altar of Makhleb.
 19755 | Volcano  | Found a radiant altar of Vehumet.
 20521 | Lair:2   | Reached XP level 13. HP: 46/93 MP: 1/23
 21224 | Lair:2   | Noticed syranez's ghost (journeyman HOBe)
 21256 | Lair:2   | Killed syranez's ghost
 21256 | Lair:2   | Reached ***** piety under Sif Muna
 21256 | Lair:2   | Reached skill level 5 in Dodging
 21434 | Lair:2   | Identified Icoi's Almanac of Transmutation and Beguiling (Sif Muna gifted it to you on level 2 of the Lair of Beasts)
 21434 | Lair:2   | Received a gift from Sif Muna
 21443 | Lair:2   | Learned a level 4 spell: Ice Form
 21628 | Lair:2   | Reached skill level 1 in Transmutations
 23689 | Lair:3   | Found a staircase to the Swamp.
 24282 | Lair:3   | Reached skill level 1 in Invocations
 24782 | Lair:4   | Found a staircase to the Snake Pit.
 24997 | Lair:4   | Learned a level 2 spell: Blink
 25001 | Lair:4   | Learned a level 3 spell: Mephitic Cloud
 25212 | Lair:4   | Reached skill level 1 in Poison Magic
 25593 | Lair:5   | Reached skill level 1 in Air Magic
 26801 | Lair:5   | Noticed an ice dragon
 27453 | Lair:6   | Entered Level 6 of the Lair of Beasts
 27469 | Lair:6   | Reached XP level 14. HP: 44/104 MP: 7/24
 27867 | Lair:6   | Found a staircase to the Slime Pits.
 27867 | Lair:6   | Found a viscous altar of Jiyva.
 28783 | Lair:6   | Got a bronze ring mail
 28785 | Lair:6   | Identified the +4 ring mail "Jokhlaare" {rElec rF+ rN++ Str-4} (You found it on level 6 of the Lair of Beasts)
 29877 | Lair:6   | Learned a level 5 spell: Metabolic Englaciation
 29979 | Lair:6   | Reached skill level 1 in Hexes
 29987 | Lair:6   | Reached skill level 5 in Invocations
 30556 | Lair:6   | Identified Sif Muna's Tome of Calling (Sif Muna gifted it to you on level 6 of the Lair of Beasts)
 30556 | Lair:6   | Received a gift from Sif Muna
 31165 | Lair:6   | Found a large runed door.
 31166 | Lair:6   | Found a large runed door.
 31197 | Lair:6   | Slain by a black mamba

Skill      XL: |  1  2  3  4  5  6  7  8  9 10 11 12 13 14 |
---------------+-------------------------------------------+-----
Spellcasting   | 3 5 6 7 8 |  8.4
Ice Magic      | 4 6 7 8 9 |  9.4
Conjurations   | 2 3 4 5 6 |  6.6
Charms         | 1 3 |  3.2
Fighting       | 3 4 5 7 8 |  8.0
Short Blades   | 5 7 9 10 | 10.7
Evocations     | 3 5 6 7 |  7.4
Shields        | 3 4 |  4.0
Summonings     | 5 |  5.0
Dodging        | 3 5 6 |  6.4
Transmutations | 3 |  3.7
Invocations    | 3 5 |  5.4
Poison Magic   | 2 3 |  3.0
Air Magic      | 3 |  3.2
Hexes          | 2 |  2.4
Stealth        | |  2.0
Unarmed Combat | |  0.2

Action                   |  1- 3 |  4- 6 |  7- 9 | 10-12 | 13-15 || total
-------------------------+-------+-------+-------+-------+-------++-------
Melee: Unarmed           |    13 |       |       |       |   138 ||   151
       Dagger            |    75 |   125 |    36 |       |       ||   236
       Punch             |       |     1 |       |       |       ||     1
       Short sword       |       |       |   492 |   648 |   535 ||  1675
       Staff             |       |       |       |       |    11 ||    11
 Cast: Freeze            |    51 |    51 |     7 |    24 |    17 ||   150
       Throw Frost       |       |    23 |    23 |   100 |   145 ||   291
       Ozocubu's Armour  |       |     2 |     2 |     5 |    48 ||    57
       Throw Icicle      |       |       |       |    18 |    31 ||    49
       Summon Ice Beast  |       |       |       |    15 |    49 ||    64
       Mephitic Cloud    |       |       |       |       |    15 ||    15
       Ice Form          |       |       |       |       |    13 ||    13
Evoke: Wand              |       |       |     5 |    34 |    16 ||    55
       Rod               |       |       |       |    17 |     5 ||    22
  Use: Potion            |       |     1 |     4 |     3 |     1 ||     9
       Scroll            |       |       |    14 |    18 |    10 ||    42
 Stab: Sleeping          |     6 |     1 |       |     1 |       ||     8
       Distracted        |       |     1 |       |     2 |     1 ||     4
       Paralysed         |       |       |     1 |     2 |       ||     3
       Confused          |       |       |       |       |     7 ||     7
       Petrified         |       |       |       |       |     1 ||     1
  Eat: Chunk             |     3 |     9 |    10 |    24 |    22 ||    68
       Bread ration      |     1 |       |     1 |     2 |     4 ||     8
       Royal jelly       |       |     1 |       |     1 |       ||     2
       Meat ration       |       |       |     1 |       |     1 ||     2
       Fruit             |       |       |       |     1 |       ||     1
       Beef jerky        |       |       |       |     6 |     1 ||     7
       Pizza             |       |       |       |       |     3 ||     3
Armor: Robe              |    11 |    20 |     6 |    22 |    53 ||   112
       Scale mail        |       |       |    58 |    20 |       ||    78
       Chain mail        |       |       |   151 |    45 |       ||   196
       Plate armour      |       |       |       |   123 |       ||   123
       Skin              |       |       |       |       |    32 ||    32
       Steam dragon scal |       |       |       |       |    60 ||    60
       Ring mail         |       |       |       |       |    13 ||    13
Dodge: Dodged            |    75 |    76 |   171 |   182 |   431 ||   935
Block: Other             |       |       |    44 |     1 |       ||    45
       Reflection        |       |       |     3 |       |       ||     3
       Buckler           |       |       |       |   152 |    91 ||   243
